 Dungeon Crawl Stone Soup version 0.28.0-45-g0d030f2227 (webtiles) character file.

Game seed: 6653233041057008298

299 seaoflcl the Shield-Bearer (level 6, 0/48 HPs)
             Began as a Human Fighter on Apr 25, 2022.
             Succumbed to an adder's poison
             ... on level 4 of the Dungeon.
             The game lasted 00:03:29 (4091 turns).

seaoflcl the Shield-Bearer (Human Fighter)          Turns: 4091, Time: 00:03:29

Health: 0/48       AC:  9    Str: 18    XL:     6   Next: 63%
Magic:  6/6        EV:  6    Int:  8    God:
Gold:   156        SH:  5    Dex: 13    Spells: 5/5 levels left

rFire   . . .      SeeInvis .   a - +0 long sword
rCold   . . .      Faith    .   c - +0 buckler
rNeg    . . .      Spirit   .   g - +0 chain mail
rPois   .          Reflect  .   (no helmet)
rElec   .          Harm     +   k - scarf {harm}
rCorr   .          Rampage  .   (no gloves)
Will    .....                   (no boots)
Stlth   ..........              (no amulet)
HPRegen 0.16/turn               (no ring)
MPRegen 0.10/turn               (no ring)

@: mighty, lethally poisoned (0 -> -4)
A: no striking features
a: no special abilities


You were on level 4 of the Dungeon.
You visited 1 branch of the dungeon, and saw 4 of its levels.

You collected 156 gold pieces.

Inventory:

Hand Weapons
 a - a +0 long sword (weapon)
 e - a +0 hunting sling
Armour
 c - a +0 buckler (worn)
 g - a +0 chain mail (worn)
 k - a scarf of harm (worn)
Wands
 q - a wand of iceblast (11)
Scrolls
 f - 5 scrolls of identify {unknown}
 h - a scroll of brand weapon {unknown}
 i - a scroll of enchant armour {unknown}
 l - 3 scrolls of noise {unknown}
 m - 2 scrolls of vulnerability {unknown}
 n - 2 scrolls of teleportation {unknown}
 p - a scroll of immolation {unknown}
 r - a scroll of blinking {unknown}
Potions
 b - a potion of lignification {unknown}
 d - a potion of might
 j - 4 potions of curing {unknown}
 o - a potion of ambrosia {unknown}
 s - a potion of flight {unknown}


   Skills:
 + Level 4.2 Fighting
 + Level 3.5 Long Blades
 + Level 4.3 Armour
 + Level 4.3 Shields


You had 5 spell levels left.
You didn't know any spells.
Your spell library contained the following spells:

 Spells                   Type           Power      Damage    Failure   Level
 Magic Dart               Conj           0%         1d3       100%        1
 Call Imp                 Summ           0%         N/A       100%        2
 Mephitic Cloud           Conj/Pois/Air  0%         N/A       100%        3
 Summon Lightning Spire   Summ/Air       0%         N/A       100%        4
 Storm Form               Tmut/Air       0%         N/A       100%        7
 Maxwell's Capacitive Co  Air            0%         ∞         100%        8


Dungeon Overview and Level Annotations

Branches:
Dungeon (4/15)
 Temple: D:4-7

Altars:

Shops:
D:2 (

Annotations:
D:4 Grinder


Message History

The adder is severely wounded.
The adder bites you but does no damage. x2
You closely miss the adder.
The adder is severely wounded.
The adder completely misses you. The adder barely misses you.
You miss the adder.
The adder is heavily wounded.
The adder bites you.
You are poisoned.
The adder poisons you!
You miss the adder.
The adder is heavily wounded.
You feel sick. The adder bites you but does no damage. The adder bites you.
* * * LOW HITPOINT WARNING * * *
You are more poisoned.
The adder poisons you!
Grinder comes into view.
You feel very mighty all of a sudden.
You feel sick.
Grinder shouts!
You block the adder's attack.
You closely miss the adder.
The adder is heavily wounded.
You feel sick. The adder bites you.
* * * LOW HITPOINT WARNING * * *
You are lethally poisoned!
The adder poisons you! The adder bites you but does no damage.
You barely miss the adder.
The adder is heavily wounded.
* * * LOW HITPOINT WARNING * * *
You feel very sick. The adder bites you.
* * * LOW HITPOINT WARNING * * *
You completely miss the adder.
The adder is heavily wounded.
* * * LOW HITPOINT WARNING * * *
You feel sick.
The adder bites you but does no damage. x2
You slash the adder!
You kill the adder!
You die...

#<......#
#######.#####
#.....# #####†# #)#
######)##
###......)######...
..'..........).....
###........@#####'
#.......#.#
#........#5..
#...........:.
#.............)
......###.......
...... #.......#
#....[..#


You could see Grinder.

Vanquished Creatures
  2 howler monkeys (D:4)
  A hound (D:4)
  Ijyb (D:3)
  Natasha (thrice) (D:3)
  An adder (D:4)
  An adder skeleton (D:4)
  2 worms (D:3)
  2 dart slugs
  4 orcs
  4 bats
  6 endoplasms
  3 giant cockroaches
  4 goblins
  7 hobgoblins
  7 jackals
  A quokka (D:2)
  7 ball pythons
  2 frilled lizards
  11 kobolds
  6 rats
75 creatures vanquished.

Notes
Turn   | Place    | Note
-------+----------+-------------------------------------------
     0 | D:1      | seaoflcl the Human Fighter began the quest for the Orb.
     0 | D:1      | Reached XP level 1. HP: 18/18 MP: 1/1
   162 | D:1      | Reached XP level 2. HP: 14/24 MP: 2/2
   806 | D:1      | Reached XP level 3. HP: 27/29 MP: 3/3
   956 | D:1      | Found a faded altar of an unknown god.
  1816 | D:2      | Found Hosec's Antique Weapon Shoppe.
  2043 | D:2      | Reached XP level 4. HP: 30/35 MP: 4/4
  2751 | D:3      | Noticed Ijyb
  2770 | D:3      | Killed Ijyb
  3056 | D:3      | Noticed Natasha
  3067 | D:3      | Killed Natasha
  3068 | D:3      | Reached XP level 5. HP: 40/42 MP: 5/5
  3404 | D:3      | Noticed Natasha
  3417 | D:3      | Killed Natasha
  3702 | D:3      | Noticed Natasha
  3716 | D:3      | Killed Natasha
  4021 | D:4      | Reached XP level 6. HP: 35/48 MP: 6/6
  4086 | D:4      | Noticed Grinder
  4090 | D:4      | HP: 1/48 [poisoned by an adder]
  4091 | D:4      | Succumbed to an adder's poison

Illustrated notes

Levels and vault maps discovered:
D:1:      saegor_arrival_simple_d, layout_loops_ring,
          chequers_ecumenical_altar_simple_redux, minmay_pentomino_u2
D:2:      layout_basic, serial_shops, nicolae_shop_window_shopping
D:3:      layout_rooms, minmay_misc_feat_iff, uniq_ijyb, uniq_natasha
D:4:      layout_basic, uniq_menkaure, uniq_grinder

Skill      XL: |  1  2  3  4  5 |
---------------+----------------+-----
Long Blades    | 3 |  3.5
Shields        | 4 |  4.3
Fighting       | 4 |  4.2
Armour         | 4 |  4.3

Action                   |  1- 3 |  4- 6 || total
-------------------------+-------+-------++-------
Melee: Long sword        |   132 |   161 ||   293
  Use: Potion            |       |     1 ||     1
Armor: Scale mail        |    67 |       ||    67
       Chain mail        |    22 |    84 ||   106
Dodge: Dodged            |    78 |    48 ||   126
Block: Buckler           |    35 |    35 ||    70
